AoeStats
← Lukes11

Arena

504575333Analyzed
2v2 RM · 27d ago on Sep 5, 2026· 48m 4s· 4 players
Game mode
Random Map
Map size
Medium (4 player)
Population
200
Speed
Normal
Resources
Standard
Victory
Conquest
Starting age
Dark Age
Ending age
Imperial Age
RankedLock teamsTeams togetherTeam positionsShared explorationLock speedFull tech treeHidden civsTurbo modeCheats
Victory
Defeat
🇨🇿 Persians · Czechia
740
+15
546
+23
🇺🇸 Celts · United States
723
-20
🇮🇳 Franks · India
692
-18
julienPlvg91
0:36 Loom
11:07 Feudal Age
11:42 Double-Bit Axe
19:40 Castle Age
18:04 Stone Mining
18:05 Gold Mining
20:52 Bow Saw
21:30 Gold Shaft Mining
22:14 Gold Shaft Mining
30:49 Imperial Age
31:00 Scale Barding Armor
32:31 Chemistry
32:29 Cavalier
34:41 Paladin
37:40 Wheelbarrow
39:39 Chivalry
41:14 Hoardings
41:55 Town Watch
42:28 Hand Cart
43:20 Onager
45:49 Heavy Scorpion
47:24 Conscription
cbgb
12:25 Feudal Age
13:42 Wheelbarrow
13:01 Double-Bit Axe
13:10 Horse Collar
18:56 Castle Age
18:01 Scale Barding Armor
18:52 Forging
20:20 Heavy Plow
20:14 Gold Mining
21:51 Hand Cart
23:04 Gold Shaft Mining
23:38 Bow Saw
24:00 Loom
25:20 Chain Barding Armor
25:39 Husbandry
31:03 Imperial Age
28:38 Town Watch
29:28 Caravan
31:45 Iron Casting
31:02 Fletching
31:15 Stone Mining
31:30 Town Patrol
32:16 Murder Holes
33:13 Bodkin Arrow
35:35 Blast Furnace
34:49 Guilds
34:32 Gambesons
35:49 Fervor
35:07 Heavy Scorpion
36:30 Stone Shaft Mining
36:38 Ballistics
36:50 Fortified Wall
38:28 Sanctity
37:45 Pikeman
37:58 Cavalier
39:52 Elite Woad Raider
43:03 Siege Engineers
45:19 Chemistry
ᴮᵃᵈᴮᵒʸ★Nelly★
11:33 Feudal Age
12:03 Horse Collar
16:54 Castle Age
17:03 Double-Bit Axe
17:13 Loom
17:14 Town Watch
18:10 Heavy Plow
18:27 Bow Saw
22:28 Wheelbarrow
27:57 Scale Barding Armor
27:54 Scale Mail Armor
32:36 Imperial Age
30:23 Hand Cart
30:09 Town Patrol
30:48 Gold Mining
30:49 Stone Mining
31:19 Husbandry
32:08 Chain Barding Armor
34:37 Chemistry
33:58 Ballistics
34:37 Cavalier
36:33 Pikeman
37:14 Squires
41:39 Stone Shaft Mining
43:26 Paper Money
46:48 Plate Barding Armor
46:29 Chain Mail Armor
46:04 Fletching
46:25 Forging
46:15 Padded Archer Armor
46:45 Elite Rattan Archer
Lukes11
10:23 Feudal Age
14:34 Castle Age
12:19 Horse Collar
12:33 Double-Bit Axe
17:04 Wheelbarrow
20:50 Town Watch
22:10 Horse Collar
22:53 Bow Saw
24:02 Hand Cart
26:23 Ballistics
26:08 Heavy Plow
26:13 Padded Archer Armor
26:03 Fletching
26:19 Scale Barding Armor
26:19 Loom
26:35 Town Patrol
28:35 Caravan
29:07 Coinage
28:41 Scale Mail Armor
29:36 Gold Mining
29:36 Stone Mining
29:31 Elite Skirmisher
30:19 Thumb Ring
33:16 Imperial Age
30:59 Squires
33:21 Pikeman
34:21 Leather Archer Armor
34:17 Forging
34:23 Chain Mail Armor
34:04 Bodkin Arrow
34:29 Chain Barding Armor
35:14 Chemistry
33:58 Imperial Skirmisher
35:34 Halberdier
36:08 Elite War Elephant
40:35 Cavalier
41:15 Husbandry
Connection lost

Rejoining the realm…

Still unreachable

The connection could not be restored.

Session expired

The server has moved on; the page needs a fresh start.